 Dungeon Crawl Stone Soup version 0.17-a0-1900-g45e8110 (webtiles) character file.

84 mcbry74 the Ruffian (level 4, -12/40 HPs)
             Began as a Draconian Monk on Sept 24, 2015.
             Mangled by a wyvern (18 damage)
             ... summoned by the player character
             ... on level 3 of the Dungeon.
             The game lasted 00:10:54 (1622 turns).

mcbry74 the Ruffian (Draconian Monk)                Turns: 1622, Time: 00:10:54

Health: -12/40     AC:  6    Str: 14    XL:     4   Next: 24%
Magic:  4/4        EV: 13    Int: 11    God:    Xom [..*...]
Gold:   143        SH:  0    Dex: 13    Spells: 0 memorised, 3 levels left

rFire  . . .     SeeInvis .       - Unarmed
rCold  . . .     Clarity  .     (armour unavailable)
rNeg   . . .     SustAt   .     (no shield)
rPois  .         Gourm    .     (helmet restricted)
rElec  .         Spirit   .     f - +0 cloak
rCorr  .         Warding  .     (no gloves)
rMut   .         Stasis   .     (no boots)
MR     .....                    (no amulet)
Stlth  ++........               (no ring)
                                (no ring)

@: not resistant to hostile enchantments, unstealthy
A: unfitting armour, cold-blooded, AC +5
a: Renounce Religion


You were on level 3 of the Dungeon.
You worshipped Xom.
You were a toy of Xom.
You were not hungry.

You visited 1 branch of the dungeon, and saw 3 of its levels.

You collected 143 gold pieces.

Inventory:

Armour
 f - a +0 cloak (worn)
Jewellery
 l - an uncursed amulet of faith {unknown}
 o - an uncursed ring of positive energy {unknown}
Scrolls
 d - a scroll of remove curse
 h - a scroll of blinking {unknown}
 j - 3 scrolls of enchant weapon
 m - a scroll of teleportation {unknown}
Potions
 c - a potion of invisibility {unknown}
 e - 4 potions of heal wounds {unknown}
 g - a potion of brilliance {unknown}
 p - a potion of agility {unknown}
Miscellaneous
 q - a plain deck of summoning {drawn: 2}
Comestibles
 a - 3 bread rations
 b - a slice of pizza
 i - 2 meat rations
 k - a beef jerky
 n - 2 chunks of flesh


   Skills:
 + Level 3.8 Fighting
 - Level 2.6 Dodging
 - Level 1.7 Stealth
 * Level 5.5 Unarmed Combat


You had 3 spell levels left.
You didn't know any spells.

Dungeon Overview and Level Annotations

Branches:
Dungeon (3/15)

Altars:
Gozag
Nemelex Xobeh
Xom

Annotations:
D:3 Robin


Innate Abilities, Weirdness & Mutations

Your plain brown scales are hard (AC +5).
Your body does not fit into most forms of armour.
You are cold-blooded and may be slowed by cold attacks.


Message History

You see here 3 scrolls labeled OHACKA WEBEPS.
You closely miss the goblin.
The goblin shouts!
Your tail-slap misses the goblin.
Xom's power almost touches on you for a moment.
Wisps of condensation drift from your elbows.
The goblin barely misses you. The hobgoblin hits you with a club.
* * * LOW HITPOINT WARNING * * *
Robin roars a battlecry!
The goblins go into a battle-frenzy!
You draw a card...
It is Foxfire.
This is a plain deck of summoning {drawn: 2}.
Xom roars with laughter!
The hobgoblin barely misses you. The goblin closely misses you.
You punch the goblin!
You kill the goblin!
Your wyvern bites the wyvern!
The hobgoblin misses you.
You barely miss the hobgoblin. The wyvern bites you!!
You die...
Xom howls with laughter!

* ,
#..gg.#....?.......g..... ,,
.o..##o#####.#.#.#.#.#.#.#.#
.,,###.# #.....<...........
#...# ##.#.#.#.#.#.#.#.# * *
#g### ####.##.##..##### ,,
*#.# #.##....## ** ,*#o#
#.#####.#
*,*#g##########.#####.# ,
#.#._)gg@lg......<.# *
#g#.†#####l#########
,*#.#)#### # ########
#......# * #8..#... ###.##.#
#_...... #.# # #8..#... #.#
######## #.# ..#


You could see a wyvern, Robin, a hobgoblin (frenzied), a goblin (frenzied) and a
friendly wyvern.

Vanquished Creatures
  An orc wizard (D:3)
  An adder (D:3)
  An ooze (D:3)
  A giant gecko (D:1)
  4 orcs (D:3)
  2 ball pythons
  6 bats
  A giant cockroach (D:1)
  4 hobgoblins
  A quokka (D:3)
  A giant newt (D:1)
  8 goblins
  5 kobolds
  5 rats
41 creatures vanquished.

Notes
Turn   | Place    | Note
--------------------------------------------------------------
     0 | D:1      | mcbry74 the Draconian Monk began the quest for the Orb.
     0 | D:1      | Reached XP level 1. HP: 19/19 MP: 1/1
   327 | D:1      | Reached XP level 2. HP: 24/26 MP: 2/2
   498 | D:1      | You fall through a shaft!
   547 | D:2      | Found a shimmering altar of Xom.
   552 | D:2      | Found a shimmering altar of Xom.
   552 | D:2      | Found a shimmering altar of Xom.
   553 | D:2      | Found a shimmering altar of Xom.
   553 | D:2      | Found a shimmering altar of Xom.
   570 | D:2      | Became a worshipper of Xom of Chaos
   649 | D:1      | XOM is BORED!
   649 | D:1      | XOM: harmless Necr miscast
   796 | D:1      | XOM: divination: detect creatures
  1077 | D:2      | XOM: divination: magic mapping
  1406 | D:3      | XOM is BORED!
  1406 | D:3      | XOM: harmless Trmt miscast
  1418 | D:3      | Found an opulent altar of Gozag.
  1453 | D:3      | Reached XP level 3. HP: 29/31 MP: 3/3
  1506 | D:3      | Noticed Robin
  1519 | D:3      | XOM: cast spell 'Blink'
  1566 | D:3      | XOM: divination: magic mapping
  1571 | D:3      | Reached skill level 5 in Unarmed Combat
  1584 | D:3      | Found a sparkling altar of Nemelex Xobeh.
  1597 | D:3      | XOM: harmless Ice miscast
  1600 | D:3      | Reached XP level 4. HP: 20/40 MP: 4/4
  1619 | D:3      | XOM: harmless Ice miscast
  1620 | D:3      | Noticed a wyvern
  1622 | D:3      | Mangled by a wyvern

Vault maps used:
D:1:      dpeg_arrival_fog
D:2:      xom_redecorated
D:3:      grunt_gozag_breadcrumbs, st_stairs_13, nemelex_deck, uniq_robin,
          uniq_terence

Action                   |  1- 3 |  4- 6 || total
-------------------------+-------+-------++-------
Melee: Unarmed           |   118 |    14 ||   132
Evoke: Deck              |     1 |     1 ||     2
  Use: Scroll            |     2 |       ||     2
 Stab: Sleeping          |     4 |       ||     4
  Eat: Chunk             |     2 |       ||     2
